 Dungeon Crawl Stone Soup version 0.28.0-53-g5a82cb258f (webtiles) character file.

Game seed: 3993561195035735261

158 tizbic2 the Conjurer (level 4, -1/35 HPs)
             Began as a Demigod Conjurer on Aug 4, 2022.
             Slain by a gnoll
             ... wielding a +0 spear
              (2 damage)
             ... on level 5 of the Dungeon.
             The game lasted 00:16:01 (3468 turns).

tizbic2 the Conjurer (Demigod Conjurer)             Turns: 3468, Time: 00:16:01

Health: -1/35      AC:  8    Str: 12    XL:     4   Next: 94%
Magic:  5/10       EV: 10    Int: 24    God:
Gold:   195        SH:  0    Dex: 16    Spells: 5/8 levels left

rFire   . . .      SeeInvis .   a - +8 spear "Killer Bee's Death" {vorpal, rPois rF- Int+4 Dex+4}
rCold   . . .      Faith    .   (no shield)
rNeg    . . .      Spirit   .   o - +1 ring mail {rF+}
rPois   +          Reflect  .   w - +1 helmet
rElec   .          Harm     .   (no cloak)
rCorr   .          Rampage  .   (no gloves)
Will    .....                   (no boots)
Stlth   +.........              (no amulet)
HPRegen 0.11/turn               (no ring)
MPRegen 0.12/turn               (no ring)

@: no status effects
A: high MP 1, forlorn, divine attributes
a: no special abilities


You were on level 5 of the Dungeon.
You visited 1 branch of the dungeon, and saw 5 of its levels.

You collected 233 gold pieces.
You spent 38 gold pieces at shops.

Inventory:

Hand Weapons
 a - the +8 spear "Killer Bee's Death" (weapon) {vorpal, rPois rF- Int+4 Dex+4}
   (You found it on level 4 of the Dungeon)

   It inflicts extra damage upon your enemies.
   Int:       It affects your intelligence (+4).
   Dex:       It affects your dexterity (+4).
   rF:        It makes you vulnerable to fire.
   rPois:     It protects you from poison.
 g - a +1 short sword of flaming
 j - a +2 short sword of freezing
 q - a +0 long sword
Missiles
 n - 50 stones
Armour
 b - a +0 scale mail
 d - a +0 chain mail
 o - a +1 ring mail of fire resistance (worn)
 w - a +1 helmet (worn)
Scrolls
 u - a scroll of vulnerability
Potions
 e - 2 potions of ambrosia {unknown}
 f - 3 potions of heal wounds {unknown}
 h - 2 potions of resistance {unknown}
 i - 2 potions of attraction {unknown}
 k - 2 potions of haste {unknown}
 l - a potion of curing {unknown}
 p - a potion of lignification {unknown}
 s - a potion of cancellation {unknown}
 t - a potion of magic {unknown}


   Skills:
 + Level 1.2 Fighting
 + Level 1.1 Short Blades
 - Level 1.7 Dodging
 - Level 1.7 Stealth
 + Level 2.6 Spellcasting
 * Level 4.9 Conjurations
 + Level 0.5 Hexes


You had 5 spell levels left.
You knew the following spells:

 Your Spells              Type           Power      Damage    Failure   Level
a - Magic Dart            Conj           100%       1d8       3%          1
b - Searing Ray           Conj           52%        2d6       4%          2

Your spell library contained the following spells:

 Spells                   Type           Power      Damage    Failure   Level
 Dazzling Flash           Conj/Hex       32%        N/A       26%         3
 Ensorcelled Hibernation  Hex/Ice        8%         N/A       34%         2
 Passwall                 Tmut/Erth      2%         N/A       36%         2
 Swiftness                Air            3%         N/A       61%         3
 Fulminant Prism          Conj/Hex       8%         3d7       63%         4
 Iskenderun's Mystic Bla  Conj/Tloc      15%        2d5       67%         4
 Animate Dead             Necr           1%         N/A       95%         4
 Borgnjor's Vile Clutch   Necr/Erth      1%         N/A       100%        5
 Death Channel            Necr           1%         N/A       100%        6
 Starburst                Conj/Fire      7%         6d4       100%        6


Dungeon Overview and Level Annotations

Branches:
Dungeon (5/15)
 Temple: D:4-7

Shops:
D:3 *   D:4 *

Annotations:
D:3 1 runed translucent door, ZoeForever1's ghost, amateur HuFi


Innate Abilities, Weirdness & Mutations

You have an increased reservoir of magic. (+10% MP)
You shall have no god before yourself.
Your divine heritage dramatically boosts your attributes as you level up.


Message History

The ogre hits you with a +0 giant spiked club!
Okay, then.
Okay, then.
Casting: Magic Dart (safe; 3% risk of failure)
Confirm with . or Enter, or press ? or * to list all spells.
Aiming: Searing Ray (safe; 5% risk of failure)
Press: ? - help, Shift-Dir - straight line, f - gnoll
Aim: a gnoll, wielding a +0 club (82% to hit)
The searing ray hits the ogre!
The ogre is moderately wounded.
The searing ray misses the gnoll.
The searing ray hits the gnoll.
The gnoll is heavily wounded.
The searing ray hits the gnoll.
The gnoll is lightly wounded. (Press . to maintain the ray.)
The ogre hits you with a +0 giant spiked club.
* * * LOW HITPOINT WARNING * * *
The searing ray hits the ogre!
The ogre is severely wounded.
The searing ray hits the gnoll!
You kill the gnoll!
The searing ray hits the gnoll!
The gnoll is almost dead.
The ogre closely misses you.
The searing ray hits the ogre.
The ogre is severely wounded.
The searing ray misses the gnoll.
The ogre hits you with a +0 giant spiked club!
* * * LOW HITPOINT WARNING * * *
Unknown command.
The searing ray hits the ogre.
The ogre is almost dead.
The searing ray hits the gnoll.
You kill the gnoll!
The searing ray hits the gnoll.
The gnoll is moderately wounded.
You finish channelling your searing ray.
The ogre closely misses you.
The gnoll hits you from afar with a +0 spear.
You die...

. ###### .
##...g### .####
##...#gO@#
....#####g.#######
#.....#g$###
#.......##
#.......#
#.....### #...###
#...## [....##


You could see an ogre and 2 gnolls.

Vanquished Creatures
  Robin (D:3)
  5 gnolls
  2 adders (D:2)
  A worm (D:2)
  A dart slug (D:1)
  An orc (D:3)
  4 ball pythons
  6 bats
  5 endoplasms
  6 giant cockroaches
  12 goblins
  9 hobgoblins
  2 jackals (D:1)
  5 quokkas
  4 frilled lizards
  3 kobolds (D:2)
  2 rats
69 creatures vanquished.

Vanquished Creatures (others)
  4 toadstools (D:1)
4 creatures vanquished.

Grand Total: 73 creatures vanquished

Notes
Turn   | Place    | Note
-------+----------+-------------------------------------------
     0 | D:1      | tizbic2 the Demigod Conjurer began the quest for the Orb.
     0 | D:1      | Reached XP level 1. HP: 14/14 MP: 5/5
   496 | D:1      | Reached XP level 2. HP: 20/20 MP: 5/7
   534 | D:1      | Reached skill level 4 in Conjurations
   667 | D:1      | Learned a level 2 spell: Searing Ray
  1490 | D:2      | Reached XP level 3. HP: 24/26 MP: 7/9
  1985 | D:3      | Noticed ZoeForever1's ghost (amateur HuFi)
  2008 | D:3      | Found a runed translucent door.
  2048 | D:3      | Found Ugheomul's Assorted Antiques.
  2054 | D:3      | Bought a murky green potion for 19 gold pieces
  2054 | D:3      | Bought a fizzy white potion for 19 gold pieces
  2240 | D:3      | Noticed Robin
  2255 | D:3      | Reached XP level 4. HP: 30/34 MP: 4/10
  2262 | D:3      | HP: 1/34 [Robin/+0 trident (4)]
  3302 | D:3      | Reached skill level 1 in Fighting
  3336 | D:3      | Killed Robin
  3337 | D:3      | Reached skill level 1 in Short Blades
  3406 | D:4      | Found Gimeptoa's Gadget Gallery.
  3415 | D:4      | Noticed a necrophage
  3421 | D:4      | Identified the +8 spear "Killer Bee's Death" {vorpal, rPois
                  | rF- Int+4 Dex+4}
  3429 | D:5      | Entered Level 5 of the Dungeon
  3459 | D:5      | Noticed an ogre
  3466 | D:5      | HP: 1/35 [ogre/+0 giant spiked club (8)]
  3468 | D:5      | Slain by a gnoll

Illustrated notes

Levels and vault maps discovered:
D:1:      lemuel_arrival_broad_hall, layout_basic, minmay_gold_behind_fungi,
          kennysheep_boxes
D:2:      layout_rooms, basic_altar, kennysheep_crisscross
D:3:      layout_basic, serial_shops, shop, hellmonk_ghost_happy_afterlife,
          uniq_robin
D:4:      layout_loops_cross, mainiacjoe_overflow_alcove_4,
          nzn_hepliaklqana_mist_gate, nicolae_shop_gadgets, uniq_grinder
D:5:      layout_layer_cave, mainiacjoe_overflow_catwalk

Skill      XL: |  1  2  3  4 |
---------------+-------------+-----
Spellcasting   | 2 |  2.6
Conjurations   | 4 |  4.9
Fighting       | 1 |  1.2
Short Blades   | 1 |  1.1
Dodging        | |  1.7
Stealth        | |  1.7
Hexes          | |  0.5

Action                   |  1- 3 |  4- 6 || total
-------------------------+-------+-------++-------
Melee: Unarmed           |    57 |       ||    57
       Punch             |     3 |       ||     3
       Dagger            |    34 |       ||    34
       Short sword       |    33 |    20 ||    53
       Spear             |       |     2 ||     2
 Cast: Magic Dart        |    49 |    12 ||    61
       Searing Ray       |     9 |     7 ||    16
  Use: Scroll            |     4 |     3 ||     7
 Stab: Sleeping          |     2 |       ||     2
Armor: Leather armour    |    16 |       ||    16
       Robe              |    22 |       ||    22
       Ring mail         |       |    17 ||    17
Dodge: Dodged            |    96 |    20 ||   116
